 Dungeon Crawl Stone Soup version 0.24.0-123-gd5b16e6ec5 (webtiles) character file.

Game seed: 10044357936265523221, levelgen mode: deterministic

25 Amplified the Stinger (level 2, -8/23 HPs)
             Began as a Draconian Venom Mage on Feb 5, 2020.
             Mangled by an ogre
             ... wielding a +0 giant club
              (31 damage)
             ... on level 2 of the Dungeon.
             The game lasted 00:02:40 (959 turns).

Amplified the Stinger (Draconian Venom Mage)         Turns: 959, Time: 00:02:41

Health: -8/23      AC:  4    Str: 10    XL:     2   Next: 82%
Magic:  1/5        EV: 12    Int: 15    God:
Gold:   89         SH:  0    Dex: 11    Spells: 2/5 levels left

rFire    . . .     SeeInvis .   (no weapon)
rCold    . . .     Gourm    .   (no shield)
rNeg     . . .     Faith    .   (armour unavailable)
rPois    .         Spirit   .   (helmet restricted)
rElec    .         Reflect  .   (no cloak)
rCorr    .         Harm     .   (no gloves)
MR       .....                  (no boots)
Stlth    ++........             (no amulet)
HPRegen  0.07/turn              (no ring)
MPRegen  0.09/turn              (no ring)

@: no status effects
A: unfitting armour, cold-blooded, AC +4
a: no special abilities


You were on level 2 of the Dungeon.
You were hungry.

You visited 1 branch of the dungeon, and saw 3 of its levels.

You collected 89 gold pieces.

Inventory:

Scrolls
 a - a scroll of identify
Potions
 c - a potion of invisibility
 d - a potion of magic {unknown}
Comestibles
 b - a ration


   Skills:
 * Level 1.3 Fighting
 * Level 2.2 Dodging
 - Level 1.7 Stealth
 + Level 2.2 Spellcasting
 + Level 1.3 Conjurations
 + Level 3.1 Poison Magic


You had 2 spell levels left.
You knew the following spells:

 Your Spells              Type           Power        Failure   Level  Hunger
a - Sting                 Conj/Pois      #...         9%          1    #......
b - Poisonous Vapours     Pois/Air       #.....       17%         2    ###....

Your spell library contained the following spells:

 Spells                   Type           Power        Failure   Level  Hunger
 Mephitic Cloud           Conj/Pois/Air  #.......     34%         3    ###....
 Olgreb's Toxic Radiance  Pois           ##......     52%         4    #####..
 Venom Bolt               Conj/Pois      #.........   94%         5    ######.


Dungeon Overview and Level Annotations

Branches:
Dungeon (3/15)

Altars:

Annotations:
D:2 Jessica, Natasha


Innate Abilities, Weirdness & Mutations

Your plain brown scales are hard. (AC +4)
You cannot fit into any form of body armour.
You are cold-blooded and may be slowed by cold attacks.


Message History

Confirm with . or Enter, or press ? or * to list all spells.
Aiming: Sting (safe; 9% risk of failure)
Press: ? - help, Shift-Dir - straight line, f/p - ogre
Aim: an ogre, wielding a +0 giant club (heavily wounded, poisoned)
The sting hits the ogre.
The ogre looks even sicker.
The ogre is severely wounded.
Casting: Sting (safe; 9% risk of failure)
Confirm with . or Enter, or press ? or * to list all spells.
Okay, then.
You barely miss the ogre. You tail-slap the ogre.
The ogre is almost dead.
The ogre hits you but does no damage.
You hit the ogre but do no damage.
The ogre is almost dead.
Unknown command.
You hit the ogre.
The ogre is almost dead.
The ogre hits you with a +0 giant club!!
Ouch! That really hurt!
You die...

###..........
#......O.#.
#.......##.
#######...........
#...[..........##.
#......#.[.....##.
#...........# ###.
#......###.. .....
#@O....# .###.
#......# #.
######## ##


You could see an ogre.

Vanquished Creatures
  An ooze (D:2)
  An orc (D:3)
  3 goblins
  3 hobgoblins (D:2)
  4 jackals (D:2)
  A kobold (D:3)
  4 frilled lizards
  A rat (D:2)
18 creatures vanquished.

Notes
Turn   | Place    | Note
-------+----------+-------------------------------------------
     0 | D:1      | Amplified the Draconian Venom Mage began the quest for the
                  | Orb.
     0 | D:1      | Reached XP level 1. HP: 14/14 MP: 3/3
    77 | D:2      | Noticed an ogre
   111 | D:2      | Reached XP level 2. HP: 7/22 MP: 1/5
   119 | D:2      | Reached skill level 1 in Fighting
   405 | D:2      | Learned a level 2 spell: Poisonous Vapours
   472 | D:2      | Noticed Natasha
   693 | D:2      | Noticed Jessica
   959 | D:2      | Mangled by an ogre

Levels and vault maps discovered:
D:1:      lemuel_arrival_broad_hall, layout_rooms, palyth_stone_intersect,
          st_stairs_2, corexii_hall_statues_deadend
D:2:      minmay_diamond_boxcup, layout_rooms, uniq_natasha, uniq_jessica
D:3:      layout_loops_cross

Skill      XL: |  1  2 |
---------------+-------+-----
Dodging        | 2 |  2.2
Fighting       | 1 |  1.3
Stealth        | |  1.7
Spellcasting   | |  2.2
Conjurations   | |  1.3
Poison Magic   | |  3.1

Action                   || total
-------------------------++-------
Melee: Unarmed           ||    39
       Tailslap          ||     3
 Cast: Sting             ||    17
       Poisonous Vapours ||     6
  Use: Scroll            ||     3
       Potion            ||     1
Armor: Skin              ||    39
Dodge: Dodged            ||    24
